 Dungeon Crawl Stone Soup version 0.29.1-12-g30fa7ad0bf (webtiles) character file.

Game seed: 3349144058823026492

1438 FexLirch the Frost Mage (level 8, -5/52 HPs)
             Began as a Mummy Ice Elementalist on Dec 28, 2022.
             Was an Initiate of Cheibriados.
             Shot with an arrow by a centaur (6 damage)
             ... on level 8 of the Dungeon on Dec 29, 2022.
             The game lasted 00:39:09 (7040 turns).

FexLirch the Frost Mage (Mummy Ice Elementalist)    Turns: 7040, Time: 00:39:09

Health: -5/52      AC:  3    Str: 12    XL:     8   Next: 45%
Magic:  12/12      EV: 12    Int: 18    God:    Cheibriados [......]
Gold:   291        SH:  0    Dex: 13    Spells: 1/12 levels left

rFire   x . .      SeeInvis .   p - +1 whip (venom)
rCold   + + .      Faith    .   (no shield)
rNeg    + + +      Spirit   .   a - +0 robe
rPois   ∞          Reflect  .   (no helmet)
rElec   .          Harm     .   e - +0 cloak
rCorr   .          Rampage  .   (no gloves)
Will    +....                   (no boots)
Stlth   ++........              (no amulet)
HPRegen 0.17/turn               f - ring of protection from cold
MPRegen 0.13/turn               (no ring)

@: very slow
A: cold resistance 1, negative energy resistance 3, torment resistance 2, heat
vulnerability 1, in touch with death 1, no potions
a: Renounce Religion


You were on level 8 of the Dungeon.
You worshipped Cheibriados.
Cheibriados was noncommittal.
You visited 2 branches of the dungeon, and saw 9 of its levels.

You collected 291 gold pieces.

Inventory:

Hand Weapons
 p - a +1 whip of venom (weapon)
Missiles
 r - 2 javelins
Armour
 a - a +0 robe (worn)
 e - a +0 cloak (worn)
 q - the +0 leather armour of the Northern Lights {Will+}
   (You found it on level 6 of the Dungeon)

   Will:      It increases your willpower.
Jewellery
 f - a ring of protection from cold (left hand)
Wands
 d - a wand of flame (24)
 h - a wand of roots (14)
 j - a wand of mindburst (10)
Scrolls
 b - a scroll of noise
 c - a scroll of identify
 g - 2 scrolls of magic mapping
 i - 3 scrolls of summoning
 k - 2 scrolls of enchant armour
 l - a scroll of teleportation
 m - a scroll of immolation
 n - a scroll of vulnerability
 o - 3 scrolls of fear
 s - a scroll of butterflies {unknown}


   Skills:
 - Level 1.5 Dodging
 - Level 1.5 Stealth
 - Level 2.6 Spellcasting
 + Level 0.8 Conjurations
 + Level 9.4 Ice Magic


You had one spell level left.
You knew the following spells:

 Your Spells              Type           Power      Damage    Failure   Level
a - Freeze                Ice            100%       1d11      1%          1
b - Frozen Ramparts       Ice            72%        1d11      1%          3
c - Ozocubu's Armour      Ice            36%        N/A       1%          3
d - Hailstorm             Conj/Ice       20%        3d6       21%         4

Your spell library contained the following spells:

 Spells                   Type           Power      Damage    Failure   Level
 Poisonous Vapours        Pois/Air       4%         N/A       26%         2
 Corpse Rot               Necr/Pois/Air  3%         N/A       86%         4


Dungeon Overview and Level Annotations

Branches:
Dungeon (8/15)             Temple (1/1) D:6
   Lair: D:8-11

Altars:
Cheibriados
Dithmenos
Gozag
Hepliaklqana
Kikubaaqudgha
Makhleb
Nemelex Xobeh
Okawaru
Ru
Sif Muna
Trog
Uskayaw
Vehumet
Wu Jian
Xom
Yredelemnul

Annotations:
D:5 Dowan, Duvessa, Edmund, Sigmund


Innate Abilities, Weirdness & Mutations

You are immune to poison.
Your flesh is cold resistant. (rC+)
You are immune to negative energy. (rN+++)
You are immune to unholy pain and torment.
You are vulnerable to heat. (rF-)
You are in touch with the powers of death.
You do not drink.


Message History

A wraith is nearby!
Things that are here:
a +0 flail; a +0 whip You see here a +0 spear.
There is a stone staircase leading down here.
You climb downwards.
Found a scroll labelled BOENYROAMA.
There is a stone staircase leading up here.
s - a scroll labelled BOENYROAMA You open the door.
There is an open door here.
Found 11 gold pieces.
Found a hide-covered altar of Uskayaw.
You now have 291 gold pieces (gained 11).
A centaur comes into view.
The centaur shouts!
A water moccasin comes into view.
The centaur wields a +1 shortbow of flaming.
It bursts into flame!
The centaur shoots an arrow.
The arrow barely misses you.
Casting: Frozen Ramparts (safe; 1% risk of failure)
Confirm with . or Enter, or press ? or * to list all spells.
Okay, then.
Unknown command.
Unknown command.
Okay, then.
Unknown command.
Unknown command.
The centaur shoots an arrow.
The arrow hits you. The arrow burns you.
The centaur shoots an arrow.
The arrow misses you.
The centaur shoots an arrow.
The arrow closely misses you.
The centaur shoots an arrow.
The arrow closely misses you.
The water moccasin hisses angrily.
The centaur shoots an arrow.
The arrow closely misses you.
The centaur shoots an arrow.
The arrow hits you! The arrow burns you.
The centaur shoots an arrow.
The arrow hits you! The arrow burns you!
* * * LOW HITPOINT WARNING * * *
The centaur shoots an arrow.
The arrow hits you!
* * * LOW HITPOINT WARNING * * *
The arrow burns you.
You die...

#.....##...#
+.....##...##########
#..........#.........
#..........#.........
#..........'.........
##..........#...<.....
#...........#.........
#......##...####+####.
#....@.##...# #.
#########.............
#.
......................#
#.
≈.≈≈≈≈≈.≈S............#
#.
≈.......≈............
≈.≈...≈.≈.#.#####...#
≈.≈._.≈.≈...# ...#
≈.≈...≈c≈...# ..#
≈.......≈.#.#


You could see a water moccasin and a centaur.

Vanquished Creatures
  4 water moccasins (D:6)
  A black bear (D:5)
  2 necrophages
  A scorpion (D:5)
  A howler monkey (D:6)
  4 hounds
  2 orc priests (D:4)
  A jelly (D:4)
  3 iguanas (D:6)
  5 orc wizards
  10 gnolls
  12 adders
  A white imp (D:6)
  A worm (D:2)
  3 dart slugs
  12 orcs
  5 bats
  6 endoplasms
  5 giant cockroaches
  7 goblins
  7 hobgoblins
  4 jackals
  4 quokkas
  7 ball pythons
  2 frilled lizards (D:1)
  5 kobolds
  5 rats
120 creatures vanquished.

Notes
Turn   | Place    | Note
-------+----------+-------------------------------------------
     0 | D:1      | FexLirch the Mummy Ice Elementalist began the quest for the
                  | Orb.
     0 | D:1      | Reached XP level 1. HP: 13/13 MP: 4/4
   334 | D:1      | Reached XP level 2. HP: 19/19 MP: 3/5
   654 | D:1      | Found a faded altar of an unknown god.
   798 | D:1      | Reached skill level 4 in Ice Magic
  1031 | D:2      | Gained mutation: You are in touch with the powers of death.
                  | [Mummy growth]
  1031 | D:2      | Reached XP level 3. HP: 13/24 MP: 0/7
  1434 | D:2      | Learned a level 3 spell: Frozen Ramparts
  1438 | D:2      | Learned a level 3 spell: Ozocubu's Armour
  1760 | D:2      | Reached XP level 4. HP: 30/30 MP: 4/8
  2594 | D:3      | Reached skill level 5 in Ice Magic
  2727 | D:3      | Found a hazy altar of Hepliaklqana.
  3073 | D:3      | Reached XP level 5. HP: 35/35 MP: 5/9
  3487 | D:4      | Reached skill level 6 in Ice Magic
  3596 | D:4      | Reached XP level 6. HP: 25/41 MP: 0/10
  4524 | D:5      | Entered Level 5 of the Dungeon
  4524 | D:5      | Noticed Edmund
  4662 | D:5      | Reached skill level 7 in Ice Magic
  4764 | D:5      | Noticed Duvessa
  4823 | D:5      | Reached XP level 7. HP: 46/46 MP: 2/11
  5012 | D:5      | Noticed Sigmund
  5162 | D:5      | Noticed Dowan
  5407 | D:6      | Identified the +0 leather armour of the Northern Lights
                  | {Will+}
  5427 | D:6      | Reached skill level 8 in Ice Magic
  5588 | D:6      | Reached XP level 8. HP: 39/52 MP: 5/12
  5812 | D:6      | Reached skill level 9 in Ice Magic
  5868 | D:6      | Found a staircase to the Ecumenical Temple.
  5902 | Temple   | Entered the Ecumenical Temple
  6044 | Temple   | Became a worshipper of Cheibriados the Contemplative
  6250 | D:7      | Learned a level 4 spell: Hailstorm
  7027 | D:8      | Found a hide-covered altar of Uskayaw.
  7040 | D:8      | HP: 1/52 [centaur/arrow (13)]
  7040 | D:8      | Shot with an arrow by a centaur

Illustrated notes

Levels and vault maps discovered:
D:1:      saegor_arrival_simple_e, layout_basic,
          shapermc_ecumenical_altar_mp_vishouse
D:2:      minmay_chambers_of_twos, layout_basic, serial_co_window_serial,
          co_window_paths_a, co_window_corner_a, co_window_corner_a,
          co_window_paths_a, co_window_paths_b, co_window_broadway_a,
          co_window_2corner, co_window_corner_b, co_window_corner_b,
          co_window_2corner, glass_columns_c, glass_columns_a, glass_columns_a,
          glass_columns_c
D:3:      layout_rooms, general_overflow_altar, mainiacjoe_overflow_boulevard,
          minmay_starry_boxes
D:4:      nicolae_cairo_tiling_large, layout_basic
D:5:      layout_rooms, uniq_duvessa, uniq_edmund, uniq_sigmund
D:6:      layout_rooms, minmay_temple_entry_mini_moons
D:7:      layout_basic, nicolae_qazlal_scattered_showers, minivault_11
D:8:      layout_gridville, mainiacjoe_overflow_cross_hatched
Temple:   minmay_temple_bridge_d

Skill      XL: |  1  2  3  4  5  6  7  8 |
---------------+-------------------------+-----
Ice Magic      | 4 5 6 7 8 9 |  9.4
Dodging        | |  1.5
Stealth        | |  1.5
Spellcasting   | |  2.6
Conjurations   | |  0.8

Action                   |  1- 3 |  4- 6 |  7- 9 || total
-------------------------+-------+-------+-------++-------
Melee: Short sword       |    43 |    15 |       ||    58
       Unarmed           |     3 |       |       ||     3
       Whip              |       |    29 |    70 ||    99
Throw: Javelin           |       |       |     2 ||     2
 Cast: Freeze            |    38 |    52 |    11 ||   101
       Frozen Ramparts   |     1 |    17 |    18 ||    36
       Ozocubu's Armour  |     1 |     9 |    13 ||    23
Evoke: Wand              |       |     4 |     1 ||     5
  Use: Scroll            |       |     4 |     5 ||     9
 Stab: Sleeping          |     2 |       |       ||     2
       Distracted        |     1 |       |       ||     1
Armor: Robe              |    22 |    22 |    25 ||    69
Dodge: Dodged            |    35 |    60 |    43 ||   138
